SKY
TEXAS RANGERS @ ST. LOUIS CARDINALS
04/16/2052
 
TOP OF THE 1ST
Texas Rangers batting - Pitching for St. Louis Cardinals : LHP Gabriel Balboa
Pitching: LHP Gabriel Balboa
Batting: RHB Pedro Medrano 0-0: Foul Ball, location: 3F
0-1: Ball
1-1: Foul Ball, location: 9LDF
1-2: SINGLE (Groundball, 34D, EV 97.5 MPH)
Batting: RHB Nicholas Jang 0-0: Ball
1-0: Called Strike
1-1: Ball
2-1: Called Strike
2-2: Foul Ball, location: 2F
2-2: Ball
3-2: Foul Ball, location: 23F
3-2: Strikes out swinging
Batting: LHB Maverik Tullos 0-0: Ball
1-0: Swinging Strike
1-1: Swinging Strike
1-2: Strikes out swinging
Batting: RHB Fee Durrell 0-0: Ball
1-0: Foul Ball, location: 23F
1-1: Called Strike
1-2: Strikes out swinging
Top of the 1st over - 0 runs, 1 hit, 0 errors, 1 left on base; Texas 0 - St. Louis 0
BOTTOM OF THE 1ST
St. Louis Cardinals batting - Pitching for Texas Rangers : RHP Lann Orange
Pitching: RHP Lann Orange
Batting: SHB Joseph Mitchell 0-0: Foul Ball, location: 23FF
0-1: SINGLE (Line Drive, 78M, EV 105.6 MPH)
Batting: RHB Bobby Grimm 0-0: Called Strike
0-1: SINGLE (Groundball, 4D, EV 96.9 MPH)
Joseph Mitchell to second
Runner from 2nd tries for 3rd, SAFE, throw by CF made to third
Batting: RHB Edward Lepak 0-0: Foul Ball, location: 3FF
0-1: Ball
1-1: Called Strike
1-2: Ball
2-2: Foul Ball, location: 5F
2-2: Ball
3-2: SINGLE (Groundball, 56S, EV 70.6 MPH) (infield hit)
Joseph Mitchell scores
Bobby Grimm to second
Batting: RHB Dan Moore 0-0: Ball
1-0: Ball
2-0: Ball
3-0: Called Strike
3-1: Base on Balls
Bobby Grimm to third
Edward Lepak to second
Batting: LHB Marcus Jones 0-0: Called Strike
0-1: Swinging Strike
0-2: Ball
1-2: Fly out, F9 (Line Drive, 9S, EV 95.0 MPH)
Batting: SHB Lucas Cavanaugh 0-0: Fly out, F9 (Flyball, 89D, EV 99.4 MPH)
Runner from 3rd tags up, OUT at HOME! 9-2
Bottom of the 1st over - 1 run, 3 hits, 0 errors, 2 left on base; Texas 0 - St. Louis 1
TOP OF THE 2ND
Texas Rangers batting - Pitching for St. Louis Cardinals : LHP Gabriel Balboa
Batting: RHB Sebastian Carsten 0-0: Fly out, F2 (Popup, 3SF, EV 76.9 MPH)
Batting: RHB Brock Boon 0-0: Foul Ball, location: 2F
0-1: Ball
1-1: SINGLE (Flyball, 7S, EV 86.9 MPH) - OUT at second base trying to stretch hit.
Batting: RHB Yanus Cartageno 0-0: Foul Ball, location: 5DF
0-1: Foul Ball, location: 2F
0-2: Fly out, F9 (Line Drive, 9S, EV 105.0 MPH)
Top of the 2nd over - 0 runs, 1 hit, 0 errors, 0 left on base; Texas 0 - St. Louis 1
BOTTOM OF THE 2ND
St. Louis Cardinals batting - Pitching for Texas Rangers : RHP Lann Orange
Batting: RHB Paco Paredes 0-0: Foul Ball, location: 2F
0-1: Ground out 5-3 (Groundball, 5, EV 85.0 MPH)
Batting: SHB Mark Crabtree 0-0: Ball
1-0: Ground out 4-3 (Groundball, 4, EV 88.1 MPH)
Batting: LHB Josef Rosendorff 0-0: Swinging Strike
0-1: Fly out, F8 (Flyball, 8LS, EV 91.3 MPH)
Bottom of the 2nd over - 0 runs, 0 hits, 0 errors, 0 left on base; Texas 0 - St. Louis 1
TOP OF THE 3RD
Texas Rangers batting - Pitching for St. Louis Cardinals : LHP Gabriel Balboa
Batting: RHB Marco Ramos 0-0: DOUBLE (Flyball, 8RXD, EV 90.6 MPH)
Batting: RHB Matt Mechler 0-0: Ball
1-0: Ball
2-0: Foul Ball, location: 2F
2-1: Ball
3-1: Base on Balls
Batting: RHB Pedro Medrano 0-0: Ball
1-0: Fly out, F7 (Line Drive, 7LS, EV 93.1 MPH)
Batting: RHB Nicholas Jang 0-0: Ball
1-0: DOUBLE (Line Drive, 9LM, EV 92.5 MPH)
Marco Ramos scores
Matt Mechler to third
Runner from 3rd tries for Home, SAFE, throw by RF to trailing runner, SAFE at third!
Batting: LHB Maverik Tullos 0-0: Swinging Strike
0-1: Fly out, F5 (Popup, 5SF, EV 79.4 MPH)
Batting: RHB Fee Durrell 0-0: Called Strike
0-1: Foul Ball, location: 9LDF
0-2: Foul Ball, location: 9LMF
0-2: Ball
1-2: Strikes out swinging
Top of the 3rd over - 2 runs, 2 hits, 0 errors, 1 left on base; Texas 2 - St. Louis 1
BOTTOM OF THE 3RD
St. Louis Cardinals batting - Pitching for Texas Rangers : RHP Lann Orange
Batting: SHB Joseph Mitchell 0-0: Ball
1-0: Foul Ball, location: 5FF
1-1: SINGLE (Groundball, 6D, EV 97.5 MPH)
Batting: RHB Bobby Grimm 0-0: Ball
1-0: Called Strike
1-1: SINGLE (Line Drive, 34, EV 98.1 MPH)
Joseph Mitchell to second
Runner from 2nd tries for 3rd, SAFE, no throw by RF
Batting: RHB Edward Lepak 0-0: Ball
1-0: Ball
2-0: Ball
3-0: Base on Balls
Bobby Grimm to second
Batting: RHB Dan Moore 0-0: Ball
1-0: Ball
2-0: Ball
3-0: Base on Balls
Joseph Mitchell scores
Bobby Grimm to third
Edward Lepak to second
Batting: LHB Marcus Jones 0-0: Ball
1-0: Called Strike
1-1: Fielders Choice at 2nd, 4-6 (Groundball, 4, EV 108.1 MPH)
Bobby Grimm scores
Edward Lepak to third
Batting: SHB Lucas Cavanaugh 0-0: Foul Ball, location: 3F
0-1: Ball
1-1: Swinging Strike
1-2: Foul Ball, location: 9LMF
1-2: Strikes out swinging
Batting: RHB Paco Paredes 0-0: Ball
1-0: Fly out, F8 (Flyball, 8RM, EV 92.5 MPH)
Bottom of the 3rd over - 2 runs, 2 hits, 0 errors, 2 left on base; Texas 2 - St. Louis 3
TOP OF THE 4TH
Texas Rangers batting - Pitching for St. Louis Cardinals : LHP Gabriel Balboa
Batting: RHB Sebastian Carsten 0-0: Swinging Strike
0-1: Called Strike
0-2: Ball
1-2: SINGLE (Groundball, 4MD, EV 98.1 MPH)
Batting: RHB Brock Boon 0-0: Foul Ball, location: 25F
0-1: Ball
1-1: Ground out 5-3 (Groundball, 56S, EV 68.1 MPH)
Sebastian Carsten to second
Batting: RHB Yanus Cartageno 0-0: Ball
1-0: Ball
2-0: Foul Ball, location: 9LSF
2-1: Foul Ball, location: 2LF
2-2: Strikes out swinging
Batting: RHB Marco Ramos 0-0: Called Strike
0-1: Ground out 5-3 (Groundball, 5S, EV 81.9 MPH)
Top of the 4th over - 0 runs, 1 hit, 0 errors, 1 left on base; Texas 2 - St. Louis 3
BOTTOM OF THE 4TH
St. Louis Cardinals batting - Pitching for Texas Rangers : RHP Lann Orange
Batting: SHB Mark Crabtree 0-0: Ball
1-0: SINGLE (Flyball, 9, EV 79.4 MPH)
Batting: LHB Josef Rosendorff 0-0: Called Strike
0-1: Ball
1-1: Foul Ball, location: 2F
1-2: Ball
2-2: Ball
3-2: Foul Ball, location: 2F
3-2: Foul Ball, location: 25FF
3-2: SINGLE (Groundball, 6M, EV 105.6 MPH) (infield hit)
Mark Crabtree to second
Batting: SHB Joseph Mitchell 0-0: SINGLE (Line Drive, 4MD, EV 94.4 MPH)
Mark Crabtree to third
Josef Rosendorff to second
Batting: RHB Bobby Grimm 0-0: Called Strike
0-1: Fly out, F9 (Flyball, 89M, EV 80.0 MPH)
Batting: RHB Edward Lepak 0-0: Ball
1-0: Called Strike
1-1: Called Strike
1-2: Fielders Choice at 2nd, 6-4 (Groundball, 6, EV 90.0 MPH)
Mark Crabtree scores
Josef Rosendorff to third
Batting: RHB Dan Moore 0-0: Ball
1-0: Ball
2-0: SINGLE (Line Drive, 6D, EV 96.3 MPH)
Josef Rosendorff scores
Edward Lepak to second
Runner from 2nd tries for 3rd, SAFE, no throw by LF
Batting: LHB Marcus Jones 0-0: Called Strike
Dan Moore steals 2nd base
0-1: Called Strike
0-2: Ball
1-2: Ball
2-2: Ball
3-2: Ground out U3 (Groundball, 3L, EV 102.5 MPH)
Bottom of the 4th over - 2 runs, 4 hits, 0 errors, 2 left on base; Texas 2 - St. Louis 5
TOP OF THE 5TH
Texas Rangers batting - Pitching for St. Louis Cardinals : LHP Gabriel Balboa
Batting: RHB Matt Mechler 0-0: Called Strike
0-1: SINGLE (Groundball, 56, EV 104.4 MPH) (infield hit)
Batting: RHB Pedro Medrano 0-0: Called Strike
Matt Mechler is caught stealing 2nd base 2-4
0-1: Called Strike
0-2: Ball
1-2: Foul Ball, location: 3SF
1-2: Fly out, F9 (Flyball, 9S, EV 96.9 MPH)
Batting: RHB Nicholas Jang 0-0: Foul Ball, location: 2F
0-1: Ball
1-1: Ball
2-1: Ball
3-1: Base on Balls
Batting: LHB Maverik Tullos 0-0: Foul Ball, location: 5F
0-1: Ball
1-1: Ball
2-1: Fly out, F8 (Flyball, 8LXD, EV 93.8 MPH)
Top of the 5th over - 0 runs, 1 hit, 0 errors, 1 left on base; Texas 2 - St. Louis 5
BOTTOM OF THE 5TH
St. Louis Cardinals batting - Pitching for Texas Rangers : RHP Lann Orange
Batting: SHB Lucas Cavanaugh 0-0: Ball
1-0: SINGLE (Flyball, 78S, EV 90.6 MPH)
Batting: RHB Paco Paredes 0-0: Foul Ball, location: 3FF
0-1: Called Strike
0-2: Ball
1-2: Foul Ball, location: 25F
1-2: Ball
2-2: Grounds into double play, 6-4-3 (Groundball, 6, EV 104.4 MPH)
Batting: SHB Mark Crabtree 0-0: Foul Ball, location: 9LMFF
0-1: Swinging Strike
0-2: Ball
1-2: Strikes out swinging
Bottom of the 5th over - 0 runs, 1 hit, 0 errors, 0 left on base; Texas 2 - St. Louis 5
TOP OF THE 6TH
Texas Rangers batting - Pitching for St. Louis Cardinals : LHP Gabriel Balboa
Batting: RHB Fee Durrell 0-0: Called Strike
0-1: Ball
1-1: Swinging Strike
1-2: Ball
2-2: Foul Ball, location: 7LMF
2-2: Foul Ball, location: 9LSF
2-2: Ball
3-2: Ground out 4-3 (Groundball, 4M, EV 83.8 MPH)
Batting: RHB Sebastian Carsten 0-0: Ball
1-0: Foul Ball, location: 3DF
1-1: Foul Ball, location: 2F
1-2: Ground out 5-3 (Groundball, 56S, EV 70.0 MPH)
Batting: RHB Brock Boon 0-0: Foul Ball, location: 5DF
0-1: Ball
1-1: Called Strike
1-2: Ball
2-2: Ball
3-2: Foul Ball, location: 5F
3-2: Foul Ball, location: 2F
3-2: Base on Balls
Pitching: RHP Sebastian Sienkiewicz
Batting: RHB Yanus Cartageno 0-0: Called Strike
0-1: Called Strike
0-2: Ball
1-2: Ball
2-2: Foul Ball, location: 9LDF
2-2: Foul Ball, location: 5DF
2-2: Ball
Balk!
Brock Boon to second
3-2: Base on Balls
Batting: RHB Marco Ramos 0-0: Swinging Strike
0-1: Ball
1-1: Ball
2-1: Foul Ball, location: 2F
2-2: Foul Ball, location: 5FF
2-2: Strikes out looking
Top of the 6th over - 0 runs, 0 hits, 0 errors, 2 left on base; Texas 2 - St. Louis 5
BOTTOM OF THE 6TH
St. Louis Cardinals batting - Pitching for Texas Rangers : RHP Lann Orange
Pitching: RHP Julian Busch
Batting: LHB Josef Rosendorff 0-0: Ball
1-0: Ball
2-0: SOLO HOME RUN (Flyball, 9D, EV 97.5 MPH), Distance : 377 ft
Batting: SHB Joseph Mitchell 0-0: Foul Ball, location: 2F
0-1: Ball
1-1: Fly out, F7 (Flyball, 78S, EV 81.9 MPH)
Batting: RHB Bobby Grimm 0-0: Called Strike
0-1: Fly out, F8 (Flyball, 8LD, EV 90.6 MPH)
Batting: RHB Edward Lepak 0-0: Ball
1-0: Called Strike
1-1: Swinging Strike
1-2: SINGLE (Flyball, 7LS, EV 93.1 MPH)
Batting: RHB Dan Moore 0-0: Called Strike
0-1: Ball
1-1: Ball
2-1: Swinging Strike
2-2: Foul Ball, location: 25F
2-2: Ball
3-2: DOUBLE (Line Drive, 9LS, EV 95.6 MPH)
Edward Lepak to third
Edward Lepak scores
Batting: LHB Marcus Jones 0-0: Ball
1-0: Ball
2-0: Ball
3-0: Called Strike
3-1: Called Strike
3-2: Foul Ball, location: 3SF
3-2: Fly out, F7 (Flyball, 78M, EV 88.1 MPH)
Bottom of the 6th over - 2 runs, 3 hits, 0 errors, 1 left on base; Texas 2 - St. Louis 7
TOP OF THE 7TH
Texas Rangers batting - Pitching for St. Louis Cardinals : RHP Sebastian Sienkiewicz
Batting: RHB Matt Mechler 0-0: Foul Ball, location: 5F
0-1: Ball
1-1: Ball
2-1: SINGLE (Line Drive, 34D, EV 95.6 MPH)
Batting: RHB Pedro Medrano 0-0: Ball
1-0: Called Strike
1-1: Fielders Choice at 2nd, 4-6 (Groundball, 13, EV 85.0 MPH)
Batting: RHB Nicholas Jang 0-0: Swinging Strike
0-1: Ball
1-1: Ball
2-1: Foul Ball, location: 23FF
2-2: Ball
3-2: Foul Ball, location: 9LSF
3-2: Fly out, F7 (Flyball, 7S, EV 93.1 MPH)
Batting: LHB Maverik Tullos 0-0: Swinging Strike
0-1: Ball
1-1: Ball
Pedro Medrano is caught stealing 2nd base 2-6
Top of the 7th over - 0 runs, 1 hit, 0 errors, 0 left on base; Texas 2 - St. Louis 7
BOTTOM OF THE 7TH
St. Louis Cardinals batting - Pitching for Texas Rangers : RHP Julian Busch
Batting: SHB Lucas Cavanaugh 0-0: Ball
1-0: Swinging Strike
1-1: Swinging Strike
1-2: Ball
2-2: Ball
3-2: DOUBLE (Flyball, 78D, EV 112.5 MPH)
Batting: RHB Paco Paredes 0-0: Ball
1-0: Ball
2-0: Called Strike
2-1: Ball
3-1: Foul Ball, location: 9LMF
3-2: Foul Ball, location: 2F
3-2: Fly out, F9 (Flyball, 9, EV 90.0 MPH)
Runner from 2nd tags up, SAFE at 3rd with throw by RF
Batting: SHB Mark Crabtree 0-0: Ball
1-0: Called Strike
1-1: Called Strike
1-2: Ball
2-2: Fly out, F7 (Flyball, 78M, EV 91.9 MPH)
Runner from 3rd tags up, OUT at HOME! 7-2
Bottom of the 7th over - 0 runs, 1 hit, 0 errors, 0 left on base; Texas 2 - St. Louis 7
TOP OF THE 8TH
Texas Rangers batting - Pitching for St. Louis Cardinals : RHP Sebastian Sienkiewicz
Pitching: RHP Ian Gatta
Batting: LHB Maverik Tullos 0-0: Ground out 4-3 (Groundball, 34D, EV 108.8 MPH)
Batting: RHB Fee Durrell 0-0: Called Strike
0-1: Ball
1-1: Ball
2-1: Ball
3-1: Base on Balls
Batting: RHB Sebastian Carsten 0-0: Called Strike
0-1: Fly out, F8 (Flyball, 89XD, EV 95.0 MPH)
Batting: RHB Brock Boon 0-0: Ball
1-0: Ball
2-0: Ground out 6-3 (Groundball, 6M, EV 79.4 MPH)
Top of the 8th over - 0 runs, 0 hits, 0 errors, 1 left on base; Texas 2 - St. Louis 7
BOTTOM OF THE 8TH
St. Louis Cardinals batting - Pitching for Texas Rangers : RHP Julian Busch
Pitching: LHP Iván Cruz
Batting: LHB Josef Rosendorff 0-0: Ball
1-0: Called Strike
1-1: Ball
2-1: SINGLE (Line Drive, 9S, EV 94.4 MPH)
Batting: SHB Joseph Mitchell 0-0: Grounds into double play, 5-4-3 (Groundball, 15, EV 87.5 MPH)
Batting: RHB Bobby Grimm 0-0: Called Strike
0-1: Foul Ball, location: 3SF
0-2: Ball
1-2: Foul Ball, location: 2F
1-2: Ball
2-2: Foul Ball, location: 2F
2-2: Foul Ball, location: 3FF
2-2: Fly out, F7 (Line Drive, 78M, EV 96.3 MPH)
Bottom of the 8th over - 0 runs, 1 hit, 0 errors, 0 left on base; Texas 2 - St. Louis 7
TOP OF THE 9TH
Texas Rangers batting - Pitching for St. Louis Cardinals : RHP Ian Gatta
Batting: RHB Yanus Cartageno 0-0: Foul Ball, location: 2F
0-1: Hit by Pitch
Batting: RHB Marco Ramos 0-0: Swinging Strike
0-1: Fly out, F8 (Flyball, 78D, EV 103.1 MPH)
Batting: RHB Matt Mechler 0-0: Ball
1-0: Ball
Wild Pitch!
Yanus Cartageno to second
2-0: Called Strike
2-1: Foul Ball, location: 3F
2-2: Foul Ball, location: 5FF
2-2: Strikes out swinging
Batting: RHB Pedro Medrano 0-0: Called Strike
0-1: SINGLE (Line Drive, 7LM, EV 104.4 MPH)
Yanus Cartageno to third
Batting: RHB Nicholas Jang 0-0: Called Strike
0-1: Foul Ball, location: 2F
0-2: Foul Ball, location: 3F
0-2: Ground out 4-3 (Groundball, 4, EV 106.9 MPH)
Top of the 9th over - 0 runs, 1 hit, 0 errors, 2 left on base; Texas 2 - St. Louis 7
Wednesday, April 17th , 2024 - OOTP Baseball 24.11 Build 85